 Dungeon Crawl Stone Soup version 0.28.0-53-g5a82cb258f (webtiles) character file.

Game seed: 1371208569391042874

12760 ZappyNine the Carver (level 11, 0/60 HPs)
             Began as a Vine Stalker Berserker on May 23, 2022.
             Was a High Priest of Trog.
             Slain by a manticore (8 damage)
             ... on level 13 of the Dungeon.
             The game lasted 00:17:40 (10257 turns).

ZappyNine the Carver (Vine Stalker Berserker)      Turns: 10257, Time: 00:17:41

Health: 0/60       AC:  6    Str: 25    XL:     11   Next: 98%
Magic:  0/12       EV: 12    Int:  9    God:    Trog [*****.]
Gold:   681        SH: 10    Dex: 13    Spells: 10/10 levels left

rFire   . . .      SeeInvis +   G - +3 scimitar (flame)
rCold   . . .      Faith    .   D - +0 kite shield
rNeg    . . .      Spirit   +   t - +0 troll leather armour
rPois   .          Reflect  .   J - +0 hat
rElec   .          Harm     .   (no cloak)
rCorr   .          Rampage  .   o - +0 pair of gloves
Will    ++...                   (no boots)
Stlth   +.........              y - amulet of regeneration
HPRegen 2.60/turn               h - ring of willpower
MPRegen 0.13/turn               p - ring of see invisible

@: no status effects
A: fangs 3, regeneration 1, magic shield, antimagic bite, no potion heal 2,
hooves 1, clever 1
a: Renounce Religion, Berserk, Trog's Hand, Brothers in Arms


You were on level 13 of the Dungeon.
You worshipped Trog.
Trog was extremely pleased with you.
You visited 1 branch of the dungeon, and saw 13 of its levels.
You also visited: Sewer and Ossuary.

You collected 681 gold pieces.

Inventory:

Hand Weapons
 a - a +0 mace of flaming
 k - a +3 short sword of venom
 m - a +0 club
 G - a +3 scimitar of flaming (weapon)
 Q - the +4 hand axe "Rebb" {freeze, rElec Will+ MP+9 SInv}
   (You found it on level 14 of the Dungeon)

   It freezes those it strikes, dealing additional cold damage.
   It can also slow down cold-blooded creatures.
   rElec:     It insulates you from electricity.
   MP:        It affects your magic capacity (+9).
   SInv:      It lets you see invisible.
   Will:      It increases your willpower.
Missiles
 l - a throwing net (quivered)
Armour
 o - a +0 pair of gloves (worn)
 t - a +0 troll leather armour (worn)
 D - a +0 kite shield (worn)
 J - a +0 hat (worn)
 L - +1 acid dragon scales
Jewellery
 h - a ring of willpower (left hand)
 p - a ring of see invisible (right hand)
 u - a ring of protection from cold
 w - a +6 ring of intelligence
 y - an amulet of regeneration (around neck)
Wands
 x - a wand of paralysis (21)
 F - a wand of iceblast (7)
 N - a wand of acid (4)
 P - a wand of digging (5)
Scrolls
 d - 3 scrolls of magic mapping
 e - 2 scrolls of blinking
 B - a scroll of brand weapon
 E - 3 scrolls of identify
 I - a scroll of fear
 K - a scroll of enchant weapon
 M - a scroll of summoning {unknown}
 O - a scroll of acquirement {unknown}
Potions
 b - 3 potions of might
 c - 2 potions of curing
 f - 3 potions of heal wounds
 g - 3 potions of magic {unknown}
 i - 2 potions of cancellation
 j - 2 potions of attraction
 n - 6 potions of haste
 q - 3 potions of resistance {unknown}
 r - 2 potions of invisibility
 s - 2 potions of ambrosia
 v - a potion of experience {unknown}
 z - 4 potions of lignification
 A - 2 potions of brilliance {unknown}
 C - a potion of degeneration {unknown}
 H - a potion of flight {unknown}


   Skills:
 - Level 8.8 Fighting
 + Level 9.6 Long Blades
 - Level 2.6 Maces & Flails
 - Level 7.1 Armour
 - Level 4.8 Dodging
 - Level 7.4 Shields


You had 10 spell levels left.
You didn't know any spells.
Your spell library was empty.

Dungeon Overview and Level Annotations

Branches:
Dungeon (14/15)            Temple (0/1) D:5            Lair (0/6) D:10
  Sewer (visited)         Ossuary (visited)
    Orc: D:9-12      Vaults: D:13-14

Altars:
The Shining One
Beogh

Shops:
D:1 [


Innate Abilities, Weirdness & Mutations

You have razor-sharp teeth.
Your natural rate of healing is unusually fast.
When hurt, damage is shared between your health and your magic reserves.
Your bite disrupts and absorbs the magic of your enemies.
Potions cannot restore your health.
You have large cloven feet.
Your mind is acute. (Int +2)


Message History

The manticore completely misses you. The manticore claws you!
The manticore closely misses you.
There is a stone staircase leading up here.
Unknown command.
You are no longer corroded.
The manticore bites you! The manticore claws you!
You block the manticore's attack.
You climb upwards.
Found 34 stones, 9 gold pieces and a pink potion.
There is a stone staircase leading down here.
You barely miss the manticore. Your kick misses the manticore.
You bite the manticore! You drain its power.
You feel invigorated.
The manticore is lightly wounded.
The manticore bites you but does no damage.
The manticore barely misses you. You block the manticore's attack.
You hit the manticore but do no damage. You kick the manticore.
You bite the manticore. You drain its power.
The manticore is moderately wounded.
The manticore misses you. The manticore claws you.
You block the manticore's attack.
You slash the manticore! You burn the manticore.
Your kick misses the manticore.
You bite the manticore, but do no damage.
The manticore is heavily wounded.
You recover from your berserk rage.
The manticore bites you! The manticore claws you.
You block the manticore's attack.
You slash the manticore! You burn the manticore.
The manticore is almost dead.
The manticore bites you!!
* * * LOW HITPOINT WARNING * * *
The manticore claws you.
* * * LOW HITPOINT WARNING * * *
You block the manticore's attack.
Unknown command.
Okay, then.
You barely miss the manticore.
The manticore is almost dead.
The manticore bites you!
You die...

.............
#............
#............
#............
#............
#............
#............
#....@......(
#.....H......
###$.........
#..........
#..........
#..........
...........
#.....!.....


You could see a manticore.

Vanquished Creatures
  Gastronok (D:9)
  Erolcha (D:10)
  A hydra (D:11)
  Erica (D:8)
  A two-headed ogre (D:8)
  An ugly thing (D:14)
  A komodo dragon (D:10)
  A troll (D:10)
  A slime creature (D:9)
  A wyvern (D:5)
  22 yaks
  Eustachio (D:5)
  A steam dragon (D:8)
  Duvessa (D:7)
  A water moccasin (D:6)
  2 acid dragons (D:9)
  9 orc warriors
  A sky beast (D:4)
  2 ice beasts (D:6)
  A necrophage (D:6)
  9 centaurs
  4 kobold brigands
  Blork the orc (D:8)
  2 scorpions
  A gnoll sergeant (D:8)
  Dowan (D:7)
  4 killer bees (D:7)
  10 wights
  4 howler monkeys
  A centaur zombie (Ossuary)
  3 hounds
  A human zombie (Ossuary)
  A jelly (D:4)
  2 centaur skeletons
  7 orc priests
  2 gnoll shamans
  3 iguanas
  10 orc wizards
  2 mummies (Ossuary)
  3 howler monkey zombies
  9 gnolls
  5 adders
  A white imp (D:3)
  2 ufetubi
  2 adder skeletons (D:4)
  An adder zombie (Ossuary)
  A dart slug (D:5)
  3 worms
  43 orcs
  6 endoplasms
  4 giant cockroaches
  5 goblins
  3 hobgoblins
  5 jackals
  2 quokkas
  12 ball pythons
  5 bats
  3 frilled lizards
  A goblin zombie (Ossuary)
  9 hobgoblin zombies (Ossuary)
  4 jackal zombies (Ossuary)
  22 kobolds
  9 kobold zombies (Ossuary)
  7 orc zombies (Ossuary)
  6 rats
  4 rat zombies (Ossuary)
296 creatures vanquished.

Vanquished Creatures (others)
  A fungus (Sewer)
  A plant (Sewer)
2 creatures vanquished.

Grand Total: 298 creatures vanquished

Notes
Turn   | Place    | Note
-------+----------+-------------------------------------------
     0 | D:1      | ZappyNine the Vine Stalker Berserker began the quest for
                  | the Orb.
     0 | D:1      | Reached XP level 1. HP: 11/11 MP: 2/2
   155 | D:1      | Found Poppilue's Armour Boutique.
   457 | D:1      | Reached XP level 2. HP: 16/16 MP: 3/3
  1207 | D:1      | Reached XP level 3. HP: 21/21 MP: 4/4
  1645 | D:2      | HP: 1/21 [poisoned by a kobold]
  2594 | D:3      | Gained mutation: Your natural rate of healing is unusually
                  | fast. [Vine Stalker growth]
  2594 | D:3      | Reached XP level 4. HP: 20/26 MP: 5/5
  2601 | D:3      | Reached ** piety under Trog
  2841 | D:3      | Reached XP level 5. HP: 30/30 MP: 6/6
  3206 | D:3      | Found a faded altar of an unknown god.
  3715 | D:4      | Noticed a sky beast
  3725 | D:4      | Killed a sky beast
  3726 | D:4      | Reached skill level 5 in Fighting
  3726 | D:4      | Reached XP level 6. HP: 35/35 MP: 7/7
  4633 | D:5      | Entered Level 5 of the Dungeon
  4634 | D:5      | Gained mutation: You passively dampen the noise of your
                  | surroundings. [potion of mutation]
  4634 | D:5      | Gained mutation: You expend magic power (3 MP) to
                  | strengthen your wands. [potion of mutation]
  4634 | D:5      | Gained mutation: You sometimes lose the ability to read
                  | scrolls when taking damage. [potion of mutation]
  4643 | D:5      | Found a staircase to the Ecumenical Temple.
  4652 | D:5      | Found a glowing drain.
  4675 | Sewer    | Entered a sewer
  4742 | Sewer    | Reached XP level 7. HP: 37/39 MP: 6/8
  4977 | Sewer    | Reached *** piety under Trog
  5257 | D:5      | Noticed a wyvern
  5266 | D:5      | Killed a wyvern
  5267 | D:5      | Reached skill level 5 in Armour
  5267 | D:5      | Gained mutation: You have razor-sharp teeth. [Vine Stalker
                  | growth]
  5267 | D:5      | Reached XP level 8. HP: 35/45 MP: 7/9
  5267 | D:5      | Lost mutation: You expend magic power (3 MP) to strengthen
                  | your wands. [potion of mutation]
  5267 | D:5      | Lost mutation: You passively dampen the noise of your
                  | surroundings. [potion of mutation]
  5267 | D:5      | Gained mutation: You are dopey. (Int -2) [potion of
                  | mutation]
  5267 | D:5      | Gained mutation: You passively dampen the noise of your
                  | surroundings. [potion of mutation]
  5268 | D:5      | Lost mutation: You passively dampen the noise of your
                  | surroundings. [potion of mutation]
  5268 | D:5      | Lost mutation: You are dopey. (Int -2) [potion of mutation]
  5268 | D:5      | Lost mutation: You sometimes lose the ability to read
                  | scrolls when taking damage. [potion of mutation]
  5268 | D:5      | Gained mutation: You have large cloven feet. [potion of
                  | mutation]
  5268 | D:5      | Gained mutation: Your mind is acute. (Int +2) [potion of
                  | mutation]
  5342 | D:5      | Noticed Eustachio
  5361 | D:5      | Killed Eustachio
  6362 | D:6      | Reached XP level 9. HP: 32/51 MP: 6/10
  6813 | D:7      | Reached **** piety under Trog
  6828 | D:7      | Found a sand-covered staircase.
  6845 | Ossuary  | Entered an ossuary
  7008 | Ossuary  | Reached ***** piety under Trog
  7068 | D:7      | Noticed Duvessa
  7068 | D:7      | Noticed Dowan
  7078 | D:7      | Killed Duvessa
  7082 | D:7      | Killed Dowan
  7853 | D:8      | Reached skill level 1 in Shields
  7901 | D:8      | Reached XP level 10. HP: 33/57 MP: 5/11
  7901 | D:8      | Noticed Blork the orc
  7908 | D:8      | Killed Blork the orc
  7953 | D:8      | Noticed a two-headed ogre
  7953 | D:8      | Noticed Erica
  7965 | D:8      | Killed a two-headed ogre
  7969 | D:8      | Killed Erica
  7970 | D:8      | Reached skill level 5 in Shields
  8054 | D:8      | Reached skill level 1 in Long Blades
  8173 | D:8      | Reached skill level 2 in Long Blades
  8539 | D:9      | Reached skill level 3 in Long Blades
  8599 | D:9      | Noticed a wizard
  8599 | D:9      | Noticed a cyclops
  8610 | D:9      | Noticed Gastronok
  8612 | D:9      | Noticed a cyclops
  8612 | D:9      | Noticed a tengu warrior
  8613 | D:9      | Noticed a centaur warrior
  8614 | D:9      | Identified the ring of Ylaatzi {MP+9 Int+9}
  8614 | D:9      | Noticed a centaur warrior
  8615 | D:9      | Noticed a cyan ugly thing
  8622 | D:9      | Killed Gastronok
  8623 | D:9      | Reached skill level 4 in Long Blades
  8623 | D:9      | Reached XP level 11. HP: 60/60 MP: 10/12
  8947 | D:9      | Reached skill level 5 in Long Blades
  9124 | D:9      | Found a glowing golden altar of the Shining One.
  9155 | D:9      | Reached skill level 6 in Long Blades
  9310 | D:10     | Entered Level 10 of the Dungeon
  9363 | D:10     | Reached skill level 7 in Long Blades
  9412 | D:10     | Received a gift from Trog
  9508 | D:10     | Found a staircase to the Lair.
  9600 | D:10     | Reached skill level 8 in Long Blades
  9806 | D:10     | Noticed Erolcha
  9816 | D:10     | Killed Erolcha
 10056 | D:11     | Noticed a four-headed hydra
 10064 | D:11     | Killed a one-headed hydra
 10065 | D:11     | Reached skill level 9 in Long Blades
 10217 | D:11     | You fall into a shaft and drop 3 floors!
 10217 | D:14     | Noticed a green ugly thing
 10222 | D:14     | Killed a green ugly thing
 10224 | D:14     | Noticed a green ugly thing
 10225 | D:14     | Noticed a green ugly thing
 10225 | D:14     | Noticed a green ugly thing
 10226 | D:14     | Noticed a green ugly thing
 10226 | D:14     | Noticed a green ugly thing
 10243 | D:14     | Identified the +4 hand axe "Rebb" {freeze, rElec Will+ MP+9
                  | SInv}
 10247 | D:14     | Noticed a manticore
 10257 | D:13     | Slain by a manticore

Illustrated notes

Levels and vault maps discovered:
D:1:      wander_arrival_estate, layout_basic, serial_shops,
          nicolae_shop_waterfront, nicolae_wormholes
D:2:      layout_basic, minmay_misc_feat_ornament
D:3:      layout_loops_corners, hellmonk_ecumenical_altar_defaced_shrine,
          mrwooster_statue_mirror
D:4:      nicolae_BIG_FREAKIN_CUBE, layout_layer_cave
D:5:      layout_loops_cross, minmay_temple_entry_proselytizer,
          cheibrodos_sewer_entry_drain, due_unseen_surprise, uniq_eustachio
D:6:      layout_loops_corners
D:7:      layout_basic, nicolae_ossuary_entry_ruins, eino_tiny_chamber,
          st_stairs_13, uniq_duvessa
D:8:      layout_rooms, special_room [special_room_orc], sword_in_stone,
          uniq_erica
D:9:      layout_gridville, nicolae_tso_carved_into_rock,
          small_chamber_with_monster, minivault_12, uniq_gastronok
D:10:     layout_rooms, lair_entry_dummy, hive_lemuel, uniq_erolcha
D:11:     layout_cave_pods, portal_ice_cave_entry_imps
D:13:     layout_basic, erik_vaults_2
D:14:     layout_roguey, ebering_ghost_inner_flame, gauntlet_entry_generic

Skill      XL: |  1  2  3  4  5  6  7  8  9 10 11 |
---------------+----------------------------------+-----
Fighting       | 3 4 5 6 7 8 |  8.8
Armour         | 2 3 5 6 7 |  7.1
Dodging        | 3 4 |  4.8
Shields        | 2 7 |  7.4
Long Blades    | 4 9 |  9.6
Maces & Flails | |  2.6

Action                   |  1- 3 |  4- 6 |  7- 9 | 10-12 || total
-------------------------+-------+-------+-------+-------++-------
Melee: Mace              |    60 |       |       |       ||    60
       Bite              |    14 |    30 |   109 |    80 ||   233
       Punch             |     2 |     1 |     4 |       ||     7
       Short sword       |    10 |   110 |   359 |     9 ||   488
       Kick              |       |       |   128 |   106 ||   234
       Scimitar          |       |       |       |   269 ||   269
Invok: Berserk           |     4 |     1 |     4 |     4 ||    13
       Trog's Hand       |       |       |     2 |     1 ||     3
  Use: Scroll            |       |    11 |     8 |     5 ||    24
       Potion            |       |     1 |     3 |     1 ||     5
 Stab: Sleeping          |     1 |       |       |       ||     1
Armor: Animal skin       |    10 |       |       |       ||    10
       Chain mail        |     2 |    51 |   188 |    62 ||   303
       Troll leather arm |       |       |       |    37 ||    37
       Acid dragon scale |       |       |       |    20 ||    20
Dodge: Dodged            |    44 |    41 |   171 |   160 ||   416
Block: Kite shield       |       |       |     2 |   171 ||   173
